 Dungeon Crawl Stone Soup version 0.26-b1-32-g5d43845318 (webtiles) character file.

Game seed: 7023435804778802563

5670 Arthanis the Arsonist (level 10, -5/53 HPs)
             Began as a Deep Elf Fire Elementalist on Jan 10, 2021.
             Was a Believer of Vehumet.
             Slain by Harold
             ... wielding a +0 mace
              (23 damage)
             ... on level 8 of the Dungeon.
             The game lasted 00:14:50 (9181 turns).

Arthanis the Arsonist (Deep Elf Fire Elementalist)  Turns: 9181, Time: 00:14:51

Health: -5/53      AC:  5    Str:  5    XL:     10   Next: 47%
Magic:  5/26       EV:  7    Int: 24    God:    Vehumet [**....]
Gold:   292        SH:  0    Dex: 15    Spells: 14/29 levels left

rFire    + . .     SeeInvis .   H - +4 spear
rCold    . . .     Faith    .   (no shield)
rNeg     . . .     Spirit   .   a - +0 robe
rPois    .         Reflect  .   v - +0 helmet
rElec    .         Harm     .   G - +1 cloak
rCorr    .         Rampage  .   (no gloves)
Will     +....                  (no boots)
Stlth    +++.......             (no amulet)
HPRegen  0.17/turn              c - ring of stealth
MPRegen  0.20/turn              B - ring of protection from fire

@: held
A: no striking features
a: Renounce Religion


You were on level 8 of the Dungeon.
You worshipped Vehumet.
Vehumet was pleased with you.
You visited 1 branch of the dungeon, and saw 8 of its levels.

You collected 512 gold pieces.
You spent 220 gold pieces at shops.

Inventory:

Hand Weapons
 f - a +0 dagger of venom
 F - a +4 quarterstaff of chaos
 H - a +4 spear (weapon)
 N - the +8 halberd of the Smoking Fool {drain, *Rage +Fly Will+ Dex+3}
   (You found it on level 7 of the Dungeon)

   A truly terrible weapon, it drains the life of those it strikes.
   It affects your dexterity (+3).
   It affects your willpower, your defense against some magical effects.
   It lets you fly.
   It may make you go berserk in combat.
Armour
 a - a +0 robe (worn)
 v - a +0 helmet (worn)
 w - a +0 cloak
 G - a +1 cloak (worn)
Magical Staves
 I - an uncursed staff of earth
Jewellery
 c - a ring of stealth (left hand)
 e - an uncursed ring of resist corrosion
 k - an uncursed ring of protection from cold
 n - an uncursed ring of flight
 B - a ring of protection from fire (right hand)
 C - an uncursed ring of protection from fire
Wands
 q - a wand of polymorph (8)
 E - a wand of random effects (13)
 L - a wand of iceblast (11)
Scrolls
 b - 5 scrolls of remove curse
 d - 9 scrolls of teleportation
 g - 2 scrolls of amnesia
 i - 3 scrolls of enchant weapon
 l - a scroll of enchant armour {unknown}
 s - 4 scrolls of immolation
 t - 4 scrolls of magic mapping
 y - a scroll of fear {unknown}
 D - a scroll of noise {unknown}
 J - 2 scrolls of fog
Potions
 h - a potion of haste
 j - a potion of brilliance {unknown}
 m - a potion of might {unknown}
 o - 2 potions of degeneration {unknown}
 p - a potion of ambrosia
 r - a potion of attraction {unknown}
 u - 5 potions of curing {unknown}
 x - a potion of mutation {unknown}
 z - 3 potions of lignification
 A - a potion of heal wounds
 K - a potion of flight {unknown}
 M - a potion of invisibility
 O - 2 potions of magic {unknown}


   Skills:
 - Level 2.0 Fighting
 - Level 4.0 Dodging
 - Level 3.0 Stealth
 + Level 10.1 Spellcasting
 + Level 8.2 Conjurations
 * Level 12.0 Fire Magic
 - Level 2.1 Evocations


You had 14 spell levels left.
You knew the following spells:

 Your Spells              Type           Power        Failure   Level
a - Foxfire               Conj/Fire      100%         1%          1
b - Conjure Flame         Conj/Fire      57%          1%          3
c - Sticky Flame          Conj/Fire      57%          1%          4
d - Fireball              Conj/Fire      28%          2%          5
e - Magic Dart            Conj           100%         1%          1
f - Shock                 Conj/Air       100%         1%          1

Your spell library contained the following spells:

 Spells                   Type           Power        Failure   Level
 Inner Flame              Hex/Fire       40%          1%          3


Dungeon Overview and Level Annotations

Branches:
Dungeon (8/15)             Temple (0/1) D:7
   Lair: D:8-11

Altars:
Cheibriados
Hepliaklqana
Okawaru
Qazlal
Trog
Vehumet

Shops:
D:4 *

Annotations:
D:3 2 transporters
D:7 Menkaure
D:8 Harold, Psyche


Message History

Confirm with . or Enter, or press ? or * to list all spells.
Aiming: Sticky Flame (dangerous; 1% risk of failure)
Press: ? - help, Shift-Dir - straight line, f/p - Harold
Aim: Harold, wielding a +0 mace, wearing a +0 ring mail, wearing an uncursed ring of fire and quivering 2 throwing nets (lightly wounded, 0% to evade)
The sticky flame hits Harold.
Harold resists.
Harold is lightly wounded.
Harold is covered in liquid flames!
Harold burns!
Harold hits you with a +0 mace!
You struggle against the net.
Harold burns!
You struggle against the net.
Harold burns!
Psyche the Insane Magess comes into view.
She is wielding a +1 dagger of chaos.
Harold hits you with a +0 mace!
Psyche casts a cantrip, but nothing happens.
You struggle against the net.
Harold burns!
Harold hits you with a +0 mace!! The black bear completely misses you.
The black bear claws you but does no damage. x2
You struggle against the net.
Harold burns!
Harold stops burning.
Psyche laughs secretively.
Harold hits you with a +0 mace!!
You die...

#..###...# ......... ...
......... ......
......... ## ........
......# ##.##..##.....
....###...#.........
##..#...............
#.@@.......#........
......h#.......#....<..>
......?##...............
.##.... #...............
...... #.....(..[......
....@..##....(.........#
........................
........................
....................


You could see Harold, Psyche and a black bear.

Vanquished Creatures
  Erica (D:8)
  A two-headed ogre (D:7)
  Pikel (D:7)
  Joseph (D:7)
  A centaur skeleton (D:7)
  A wyvern (D:8)
  A water moccasin (D:5)
  2 ice beasts (D:8)
  A black bear (D:8)
  3 orc warriors
  A necrophage (D:7)
  3 ogres (D:4)
  A centaur (D:4)
  2 lemures (D:7)
  Blork the orc (D:6)
  2 bullfrogs
  3 scorpions
  8 killer bees
  5 wights (D:6)
  6 electric eels (D:7)
  2 howler monkeys
  A jelly (D:7)
  A quasit (D:7)
  A bullfrog zombie (D:7)
  A gnoll shaman (D:5)
  3 orc priests
  Crazy Yiuf (D:5)
  A hound (D:7)
  3 orc wizards
  2 iguanas
  Natasha (thrice) (D:3)
  5 worker ants
  A howler monkey skeleton (D:4)
  10 adders
  7 gnolls
  A white imp (D:5)
  An ufetubus (D:5)
  An ooze (D:2)
  2 adder skeletons
  4 worms (D:2)
  A dart slug (D:3)
  5 leopard geckos
  15 orcs
  3 ball pythons
  6 giant cockroaches
  9 goblins
  7 hobgoblins
  3 jackals (D:2)
  6 kobolds
  5 bats
  5 frilled lizards
  A jackal skeleton (D:6)
  A leopard gecko skeleton (D:4)
  A leopard gecko zombie (D:6)
  6 rats
170 creatures vanquished.

Vanquished Creatures (others)
  783 foxfires
  10 plants
793 creatures vanquished.

Grand Total: 963 creatures vanquished

Notes
Turn   | Place    | Note
-------+----------+-------------------------------------------
     0 | D:1      | Arthanis the Deep Elf Fire Elementalist began the quest for
                  | the Orb.
     0 | D:1      | Reached XP level 1. HP: 10/10 MP: 6/6
   523 | D:1      | Reached XP level 2. HP: 15/15 MP: 5/8
   891 | D:2      | Reached skill level 4 in Fire Magic
   891 | D:2      | Reached XP level 3. HP: 19/19 MP: 5/10
  2218 | D:3      | Noticed Natasha
  2221 | D:3      | Reached XP level 4. HP: 24/24 MP: 8/11
  2224 | D:3      | Killed Natasha
  2363 | D:3      | Learned a level 3 spell: Conjure Flame
  2368 | D:3      | Learned a level 4 spell: Sticky Flame
  2400 | D:3      | Noticed Natasha
  2406 | D:3      | Killed Natasha
  2407 | D:3      | Reached skill level 5 in Fire Magic
  2407 | D:3      | Reached XP level 5. HP: 28/28 MP: 5/13
  2412 | D:3      | Noticed Natasha
  2417 | D:3      | Killed Natasha
  2866 | D:3      | Found a transporter.
  2905 | D:3      | Found a transporter.
  2935 | D:3      | Identified the +6 spear of Ojuxkoutuve {venom, Int+4}
  2945 | D:3      | Found a bloodstained altar of Trog.
  2988 | D:3      | Found an iron altar of Okawaru.
  3227 | D:4      | Noticed an ogre
  3232 | D:4      | Killed an ogre
  3233 | D:4      | Reached skill level 5 in Spellcasting
  3233 | D:4      | Reached XP level 6. HP: 32/32 MP: 9/15
  3390 | D:4      | Reached skill level 6 in Fire Magic
  3629 | D:4      | Reached XP level 7. HP: 27/36 MP: 7/17
  3915 | D:4      | Reached skill level 7 in Fire Magic
  4103 | D:4      | Learned a level 5 spell: Fireball
  4245 | D:4      | Found Vubuosh's Assorted Antiques.
  4253 | D:4      | Bought a fuming purple potion for 17 gold pieces
  4253 | D:4      | Bought a purple potion for 17 gold pieces
  4253 | D:4      | Bought a scroll labelled FEOREU GUONETA for 19 gold pieces
  4253 | D:4      | Bought a scroll labelled ZUGOIH ZOITA for 19 gold pieces
  4253 | D:4      | Bought a metallic inky potion for 17 gold pieces
  4253 | D:4      | Bought a sedimented grey potion for 17 gold pieces
  4253 | D:4      | Bought a scroll labelled GACAMN RUD TIPORE for 19 gold
                  | pieces
  4253 | D:4      | Bought a small gilded ring for 95 gold pieces
  4413 | D:5      | Entered Level 5 of the Dungeon
  4556 | D:5      | Found a stormy altar of Qazlal.
  4591 | D:5      | Reached skill level 5 in Conjurations
  4591 | D:5      | Reached XP level 8. HP: 41/41 MP: 12/19
  4670 | D:5      | Reached skill level 8 in Fire Magic
  4774 | D:5      | Found a bloodstained altar of Trog.
  4775 | D:5      | Found a hazy altar of Hepliaklqana.
  4775 | D:5      | Found a radiant altar of Vehumet.
  4788 | D:5      | Found a snail-covered altar of Cheibriados.
  4797 | D:5      | Became a worshipper of Vehumet
  5292 | D:5      | Found a runed translucent door.
  5293 | D:5      | Noticed Crazy Yiuf
  5301 | D:5      | Killed Crazy Yiuf
  5928 | D:6      | Noticed Blork the orc
  5934 | D:6      | Killed Blork the orc
  6003 | D:6      | Reached skill level 9 in Fire Magic
  6954 | D:7      | Noticed Menkaure
  7147 | D:7      | Noticed Pikel
  7156 | D:7      | Killed Pikel
  7157 | D:7      | Reached skill level 10 in Fire Magic
  7157 | D:7      | Reached XP level 9. HP: 33/45 MP: 0/23
  7157 | D:7      | Noticed Joseph
  7158 | D:7      | Noticed a two-headed ogre
  7189 | D:7      | Reached * piety under Vehumet
  7189 | D:7      | Offered knowledge of Magic Dart by Vehumet.
  7190 | D:7      | HP: 1/67 [killer bee (5)]
  7303 | D:7      | Learned a level 1 spell: Magic Dart
  7604 | D:7      | Killed Joseph
  7605 | D:7      | Reached skill level 1 in Evocations
  7957 | D:7      | Killed a two-headed ogre
  7958 | D:7      | Reached skill level 1 in Fighting
  7958 | D:7      | Reached skill level 11 in Fire Magic
  7958 | D:7      | Reached XP level 10. HP: 52/52 MP: 9/25
  8184 | D:7      | Got a brightly glowing halberd
  8185 | D:7      | Identified the +8 halberd of the Smoking Fool {drain, *Rage
                  | +Fly Will+ Dex+3} (You found it on level 7 of the Dungeon)
  8568 | D:7      | Found a staircase to the Ecumenical Temple.
  8925 | D:8      | Noticed Erica
  8934 | D:8      | Killed Erica
  8935 | D:8      | Reached skill level 10 in Spellcasting
  9132 | D:8      | Reached ** piety under Vehumet
  9132 | D:8      | Offered knowledge of Shock by Vehumet.
  9136 | D:8      | Learned a level 1 spell: Shock
  9171 | D:8      | Noticed Harold
  9176 | D:8      | Reached skill level 12 in Fire Magic
  9179 | D:8      | Noticed Psyche
  9181 | D:8      | Slain by Harold

Illustrated notes

Levels and vault maps discovered:
D:1:      nicolae_arrival_memento_mori, layout_loops_ring
D:2:      layout_loops_corners, corner_web_ring
D:3:      layout_rooms, okawaru_gym_becter, gammafunk_ghost_gnarly_gnolls,
          trog_book, uniq_natasha
D:4:      layout_basic, serial_shops, nicolae_shop_crystal,
          minmay_pentomino_pile
D:5:      layout_cave_pods, chequers_temple_overflow_statue_of_worship,
          chequers_serial_rivers_room_b, nicolae_qazlal_general_emergency,
          uniq_crazy_yiuf_cottage
D:6:      layout_basic, uniq_blork_the_orc
D:7:      cheibrodos_two_vegetables, layout_basic,
          minmay_temple_entry_nine_rooms, uniq_joseph, uniq_pikel, uniq_menkaure
D:8:      layout_cave_pools, uniq_erica, uniq_psyche, uniq_maggie, uniq_harold

Skill      XL: |  1  2  3  4  5  6  7  8  9 10 |
---------------+-------------------------------+-----
Fire Magic     | 4 5 6 7 10 11 12 | 12.0
Conjurations   | 2 3 4 5 6 7 8 |  8.2
Spellcasting   | 4 5 6 8 9 10 | 10.1
Stealth        | 3 |  3.0
Evocations     | 2 |  2.1
Dodging        | 3 4 |  4.0
Fighting       | 1 2 |  2.0

Action                   |  1- 3 |  4- 6 |  7- 9 | 10-12 || total
-------------------------+-------+-------+-------+-------++-------
Melee: Dagger            |     6 |       |     1 |       ||     7
       Spear             |       |       |    23 |       ||    23
 Cast: Foxfire           |   107 |   121 |   205 |    69 ||   502
       Sticky Flame      |       |       |    17 |     5 ||    22
       Fireball          |       |       |    15 |    13 ||    28
Evoke: Wand              |       |       |     3 |       ||     3
  Use: Scroll            |       |       |     9 |     1 ||    10
       Potion            |       |       |     3 |       ||     3
 Stab: Sleeping          |     1 |       |       |       ||     1
Armor: Robe              |     1 |     2 |     4 |     8 ||    15
       Skin              |       |       |    42 |       ||    42
Dodge: Dodged            |    12 |     4 |    22 |    12 ||    50
